cohdb
Replays
Latest Replays
All Replays
Popular Replays
Top Player Replays
Match Explorer
How It Works
Community
CoH3 Stats
Reddit
Sign in to upload your games and track your stats! →
Sign in with Steam
Match 42956345
Unlisted
Match 42956345
Overview
Messages
Build Orders
End
Engineer Squad
Construct Weapon Support Center
Selects Heavy Weapons
M1919 Machine Gun Team
Bazooka Squad
M1919 Machine Gun Team
Mechanized Support Center
Engineer Squad
M3 Armored Personnel Carrier
Selects Assault Carriers
Construct Medical Station
Bazooka Squad
Improved M9 Bazooka Rockets
Selects M2HB .50cal Heavy Machine Gun
Bazooka Squad
M1919 Machine Gun Team
Construct Tank Depot
Bazooka Squad
Scout Squad
Selects Halftrack Strongpoints
Bazooka Squad
M4(105) Sherman Bulldozer
Selects Rapid Reposition
Selects Black Dragon Artillery Barrage
Black Dragon Artillery Barrage
Salvage Crew
Bazooka Squad
Bazooka Squad
Designate Forward Repair Station
Black Dragon Artillery Barrage
M4A1 Sherman Medium Tank
Dahlian
Random_Target
just a chill world leader ♡
Mace
Buffallobang
goat
mimq
СМЕТАНКА
0
0
Comments
sign in to comment!
No comments posted yet!